 Dungeon Crawl Stone Soup version 0.31.0-9-g3a7656b989 (webtiles) character file.

Game seed: 15294688622013180742

14796 qw the Markself (level 11, -8/63 HPs)
             Began as a Deep Elf Hunter on Feb 2, 2024.
             Was a High Priest of Okawaru.
             Mangled by a komodo dragon (18 damage)
             ... on level 2 of the Lair of Beasts.
             The game lasted 00:01:24 (11699 turns).

qw the Markself (Deep Elf Hunter)                  Turns: 11699, Time: 00:01:25

Health: -8/63      AC: 14    Str: 12    XL:     11   Next: 93%
Magic:  20/20      EV: 19    Int: 15    God:    Okawaru [*****.]
Gold:   574        SH:  0    Dex: 24    Spells: 10/10 levels left

rFire   . . .        m - +0 arbalest (heavy)
rCold   . . .        (shield currently unavailable)
rNeg    . . .        h - +3 acid dragon scales
rPois   .            g - +1 helmet
rElec   .            d - +0 cloak
rCorr   +            f - +0 pair of gloves
SInv    +            (no boots)
Will    +....        o - amulet of the acrobat
Stlth   ++           a - +6 ring of dexterity
HPRegen 0.30/turn    p - ring of see invisible
MPRegen 0.17/turn

%: acrobat
@: about to teleport
A: no striking features
a: Renounce Religion, Heroism, Finesse, Duel


You were on level 2 of the Lair of Beasts.
You worshipped Okawaru.
Okawaru was extremely pleased with you.
You visited 3 branches of the dungeon, and saw 14 of its levels.

You collected 1577 gold pieces.
You spent 1003 gold pieces at shops.


   Skills:
 + Level 5.0 Fighting
 - Level 18.0 Ranged Weapons
 - Level 3.0 Armour
 - Level 10.0 Dodging
 - Level 1.2 Stealth
 - Level 10.0 Invocations


You had 10 spell levels left.
You didn't know any spells.
Your spell library was empty.

Inventory:

Hand Weapons
 m - a +0 heavy arbalest (weapon)
Armour
 d - a +0 cloak (worn)
 f - a +0 pair of gloves (worn)
 g - a +1 helmet (worn)
 h - +3 acid dragon scales (worn)
 y - a +1 scale mail of fire resistance
Jewellery
 a - a +6 ring of dexterity (left hand)
 o - an amulet of the acrobat (around neck)
 p - a ring of see invisible (right hand)
 s - a +4 ring of slaying {mikee}
Wands
 i - a wand of mindburst (16)
 j - a wand of iceblast (21)
 k - a wand of acid (17)
 u - a wand of paralysis (1)
Scrolls
 n - a scroll of noise {unknown}
 q - a scroll of teleportation
Potions
 b - 2 potions of curing
 c - 2 potions of mutation
 e - a potion of might {unknown}
 l - a potion of enlightenment
 r - 2 potions of magic
 t - a potion of cancellation

Dungeon Overview and Level Annotations

Branches:
Dungeon (10/15)            Temple (1/1) D:5            Lair (3/5) D:10
  Swamp: Lair:2-3    Shoals: Lair:2-3     Snake: Lair:2-3    Spider: Lair:2-3
    Orc: D:9-12

Altars:
Ashenzari
Cheibriados
Dithmenos
Elyvilon
Fedhas
Gozag
Hepliaklqana
Kikubaaqudgha
Makhleb
Nemelex Xobeh
Okawaru
Qazlal
Ru
Sif Muna
Trog
Uskayaw
Vehumet
Wu Jian
Xom
Yredelemnul
Zin
The Shining One

Shops:
D:2 [   D:10 [([:*

Annotations:
D:7 exclusion: electric eel
D:10 1 runed translucent door, qw's ghost, journeyman SpHu
Lair:2 1 runed translucent door, qw's ghost, journeyman DjHu


Message History

The bullfrog is almost dead.
You hear an angry hiss.
The wolf barely misses you.
A komodo dragon comes into view.
The wolf bites you but does no damage.
You shoot a bolt. The bolt hits the wolf!!!
You kill the wolf!
Okawaru accepts your kill. The wolf closely misses you. The wolf misses you.
You shoot a bolt. The bolt hits the wolf!!!
You kill the wolf!
Okawaru accepts your kill.
The bullfrog hits you but does no damage.
The komodo dragon barely misses you.
The bullfrog hits you but does no damage.
The komodo dragon bites you but does no damage.
You shoot a bolt. The bolt closely misses the bullfrog.
The bolt misses the wolf.
The bullfrog barely misses you. The komodo dragon bites you.
The bullfrog hits you.
You shoot a bolt. The bolt hits the bullfrog!
You kill the bullfrog!
Okawaru accepts your kill. The komodo dragon bites you!
The wolf completely misses you. The komodo dragon bites you!!
The wolf bites you but does no damage.
You shoot a bolt. The bolt hits the wolf!!!
You kill the wolf!
Okawaru accepts your kill. The wolf bites you. The komodo dragon misses you.
The wolf misses you.
Your Dodging skill increases to level 10!
Your Invocations skill increases to level 10!
You shoot a bolt. The bolt completely misses the wolf.
The wolf bites you but does no damage.
The komodo dragon completely misses you.
The wolf barely misses you. The komodo dragon bites you! The wolf misses you.
11699 ||| READING 2 scrolls of teleportation.
As you read the scroll of teleportation, it crumbles to dust.
You feel strangely unstable. The wolf bites you. The komodo dragon bites you!!
You die...

.... #..#.###.. ...$..
##........ ..... ##.....## .^...
.#########...###
....+...........####
...##.#..#.##......
#+#.#........##..##..
###.#l##........##..##.
###...##@h.........#.P##.
##.....#####........#.....
#........###.#...####..### .
##........h.h..P#####.## # ...
##.P...........P..##..## # ....
+.#...P......)......#..# #
...h.#.#........%........P.####
....F.........................##
#..###%.#..........+........#.#P


You could see a komodo dragon and a wolf.

Vanquished Creatures
  A two-headed ogre (D:8)
  A boulder beetle (Lair:1)
  Pikel (D:7)
  2 black mambas
  A torpor snail (Lair:2)
  2 cane toads (Lair:1)
  A rime drake (Lair:2)
  A komodo dragon (Lair:3)
  A troll (D:9)
  Grinder (D:6)
  13 blink frogs
  A wraith (D:9)
  Grum (D:8)
  9 yaks (Lair:1)
  A basilisk (Lair:1)
  3 vampire mosquitoes (D:10)
  2 swamp worms (Lair:3)
  Duvessa (D:7)
  6 water moccasins
  6 ice beasts
  An orc warrior (D:8)
  2 ogres (D:6)
  A sky beast (D:6)
  18 wolves
  5 centaurs
  3 lemures (D:7)
  3 kobold brigands (D:8)
  12 bullfrogs
  A scorpion (D:7)
  A gnoll sergeant (D:10)
  Dowan (D:7)
  7 killer bees
  2 howler monkeys
  2 electric eels (D:7)
  A hound (D:5)
  3 jellies (D:6)
  A bombardier beetle (D:5)
  A gnoll bouda (D:6)
  3 orc priests
  Ijyb (D:3)
  A sleepcap (D:5)
  6 iguanas
  Natasha (thrice) (D:3)
  5 hell rats (Lair:1)
  5 orc wizards
  8 gnolls
  2 adders
  4 ufetubi (D:6)
  3 ribbon worms
  3 dart slugs
  25 orcs
  4 endoplasms
  3 giant cockroaches
  3 goblins
  4 hobgoblins
  A quokka (D:10)
  7 ball pythons
  3 bats
  2 frilled lizards
  22 kobolds
  8 rats
246 creatures vanquished.

Vanquished Creatures (others)
  A gnoll (D:7)
1 creature vanquished.

Grand Total: 247 creatures vanquished

Notes
Turn   | Place    | Note
-------+----------+-------------------------------------------
     0 | D:1      | qw the Deep Elf Hunter began the quest for the Orb.
     0 | D:1      | Reached XP level 1. HP: 12/12 MP: 3/3
     0 | D:1      | 0 ||| qw: Version: 0.3-a-155-g5e7d8dd
     0 | D:1      | 0 ||| qw: Game counter: 1337
     0 | D:1      | 0 ||| qw: Melee chars always use a shield: true
     0 | D:1      | 0 ||| qw: God list: Okawaru
     0 | D:1      | 0 ||| qw: Allow faded altars: false
     0 | D:1      | 0 ||| qw: Do Orc after clearing Dungeon:15 true
     0 | D:1      | 0 ||| qw: Do second Lair branch before Depths: true
     0 | D:1      | 0 ||| qw: Lair rune preference: random
     0 | D:1      | 0 ||| qw: Goals: Normal
     0 | D:1      | 0 ||| PLANNING D:1-11
   390 | D:1      | Reached skill level 6 in Ranged Weapons
   390 | D:1      | Reached XP level 2. HP: 16/16 MP: 4/4
   756 | D:1      | 756 ||| UPGRADING to +0 pair of gloves.
   761 | D:1      | 761 ||| UPGRADING to +0 ring mail.
   771 | D:1      | 771 ||| DROPPING +0 leather armour.
   772 | D:1      | 772 ||| READING scroll labelled ARAFIT ELEYSE.
   772 | D:1      | Identified a scroll of acquirement
   772 | D:1      | 772 ||| ACQUIRING 799 gold pieces
   772 | D:1      | Acquired 799 gold pieces
   774 | D:1      | 774 ||| READING scroll labelled BEONAU GUROMI.
   805 | D:1      | 805 ||| READING scroll labelled LORICA CUIH.
   806 | D:1      | 806 ||| READING scroll labelled JEUFUO XANYURA.
   807 | D:1      | 807 ||| DROPPING scroll of butterflies.
  1131 | D:2      | Found Amequsil's Armour Emporium.
  1141 | D:2      | 1141 ||| BUYING +1 helmet (115 gold).
  1141 | D:2      | Bought a +1 helmet for 115 gold pieces
  1141 | D:2      | 1141 ||| BUYING +2 acid dragon scales (520 gold).
  1141 | D:2      | Bought +2 acid dragon scales for 520 gold pieces
  1551 | D:2      | Reached XP level 3. HP: 20/20 MP: 5/5
  1615 | D:2      | 1615 ||| UPGRADING to +1 helmet.
  1620 | D:2      | 1620 ||| UPGRADING to +2 acid dragon scales.
  1630 | D:2      | 1630 ||| DROPPING +0 ring mail.
  1631 | D:2      | 1631 ||| UPGRADING to ring of positive energy.
  1632 | D:2      | 1632 ||| READING scroll labelled QIGUUH UGIRPH.
  1632 | D:2      | 1632 ||| IDENTIFYING green potion
  1633 | D:2      | 1633 ||| READING scroll labelled ABIDOR YDIKONI.
  1634 | D:2      | 1634 ||| DRINKING 2 smoky purple potions.
  1635 | D:2      | 1635 ||| DROPPING potion of degeneration.
  1637 | D:2      | 1637 ||| Stepping ~*~*~tactically~*~*~ (cloud).
  1644 | D:2      | HP: 5/20 [poisoned by you (poison gas)]
  1873 | D:3      | Reached skill level 7 in Ranged Weapons
  1929 | D:3      | Noticed Ijyb
  1939 | D:3      | HP: 3/20 [Ijyb/puff of flame (12)]
  1949 | D:3      | HP: 2/20 [Ijyb/puff of flame (4)]
  1951 | D:3      | Killed Ijyb
  1952 | D:3      | Reached XP level 4. HP: 3/25 MP: 6/6
  2057 | D:3      | Noticed Natasha
  2061 | D:3      | Killed Natasha
  2130 | D:3      | Reached skill level 8 in Ranged Weapons
  2214 | D:3      | Noticed Natasha
  2217 | D:3      | Killed Natasha
  2251 | D:3      | Noticed Natasha
  2259 | D:3      | Killed Natasha
  2260 | D:3      | Reached XP level 5. HP: 26/29 MP: 7/7
  2285 | D:3      | 2285 ||| UPGRADING to +0 cloak.
  2290 | D:3      | 2290 ||| UPGRADING to amulet of the acrobat.
  2295 | D:3      | 2295 ||| UPGRADING to ring of see invisible.
  2296 | D:3      | 2296 ||| READING scroll of identify.
  2296 | D:3      | 2296 ||| IDENTIFYING fuming pink potion
  2297 | D:3      | 2297 ||| READING scroll labelled ANOQEO UPLUFFA.
  2298 | D:3      | 2298 ||| READING scroll labelled IXZYIN CAHO.
  2429 | D:4      | Reached skill level 1 in Armour
  3153 | D:4      | 3153 ||| DROPPING amulet of magic regeneration.
  3154 | D:4      | 3154 ||| DROPPING ring of wizardry.
  3155 | D:4      | 3155 ||| READING 3 scrolls of identify.
  3155 | D:4      | 3155 ||| IDENTIFYING yellow potion
  3156 | D:4      | 3156 ||| READING 2 scrolls of identify.
  3156 | D:4      | 3156 ||| IDENTIFYING bubbling orange potion
  3157 | D:4      | 3157 ||| DROPPING potion of brilliance.
  3158 | D:4      | 3158 ||| DROPPING potion of attraction.
  3192 | D:5      | Entered Level 5 of the Dungeon
  3254 | D:5      | Reached skill level 9 in Ranged Weapons
  3254 | D:5      | Reached XP level 6. HP: 34/34 MP: 8/8
  3372 | D:5      | Found a snail-covered altar of Cheibriados.
  3662 | D:5      | Found a staircase to the Ecumenical Temple.
  3663 | D:5      | 3663 ||| PLANNING TEMPLE
  3663 | D:5      | 3663 ||| READING scroll of identify.
  3663 | D:5      | 3663 ||| IDENTIFYING scroll labelled WOCSO MEJOE
  3664 | D:5      | 3664 ||| READING scroll of enchant armour.
  3664 | D:5      | 3664 ||| ENCHANTING +2 acid dragon scales.
  3672 | Temple   | Entered the Ecumenical Temple
  3673 | Temple   | 3673 ||| PLANNING OKAWARU WORSHIP
  3681 | Temple   | Became a worshipper of Warmaster Okawaru
  3682 | Temple   | 3682 ||| PLANNING D:1-11
  3987 | D:5      | Reached skill level 3 in Dodging
  4003 | D:5      | Found a shimmering altar of Xom.
  4080 | D:5      | HP: 4/35 [iguana (6)]
  4081 | D:5      | 4081 ||| READING 2 scrolls of teleportation.
  4281 | D:6      | Noticed a sky beast
  4282 | D:6      | 4282 ||| FLEEEEING.
  4283 | D:6      | 4283 ||| FLEEEEING.
  4339 | D:6      | 4339 ||| ZAPPING wand of mindburst (19) at 6,-1 (sky beast;
                  | floor).
  4340 | D:6      | 4340 ||| ZAPPING wand of mindburst (18) at 5,0 (sky beast;
                  | floor).
  4341 | D:6      | 4341 ||| ZAPPING wand of mindburst (17) at 4,0 (sky beast;
                  | floor).
  4341 | D:6      | Killed a sky beast
  4342 | D:6      | Reached skill level 10 in Ranged Weapons
  4342 | D:6      | Reached XP level 7. HP: 40/40 MP: 9/9
  4437 | D:6      | Reached * piety under Okawaru
  4495 | D:6      | 4495 ||| RETREEEEATING.
  4506 | D:6      | Reached skill level 1 in Invocations
  4839 | D:6      | Noticed Grinder
  4840 | D:6      | 4840 ||| INVOKING Heroism.
  4842 | D:6      | Paralysed by Grinder for 2 turns
  4863 | D:6      | 4863 ||| INVOKING Heroism.
  4867 | D:6      | Killed Grinder
  4868 | D:6      | Reached skill level 11 in Ranged Weapons
  4868 | D:6      | Reached skill level 3 in Invocations
  4868 | D:6      | Reached XP level 8. HP: 30/44 MP: 8/12
  5051 | D:6      | Found a sparkling altar of Nemelex Xobeh.
  5391 | D:7      | Reached skill level 12 in Ranged Weapons
  5496 | D:7      | 5496 ||| SWAPPING to +0 arbalest.
  5497 | D:7      | 5497 ||| DROPPING +0 shortbow.
  5546 | D:7      | Noticed Pikel
  5547 | D:7      | 5547 ||| RETREEEEATING.
  5549 | D:7      | 5549 ||| RETREEEEATING.
  5551 | D:7      | 5551 ||| RETREEEEATING.
  5556 | D:7      | 5556 ||| ZAPPING wand of acid (13) at -2,1 (Pikel; floor).
  5557 | D:7      | 5557 ||| INVOKING Heroism.
  5571 | D:7      | Killed Pikel
  5571 | D:7      | Reached ** piety under Okawaru
  5929 | D:7      | 5929 ||| FLEEEEING.
  6119 | D:7      | Noticed Duvessa
  6119 | D:7      | Noticed Dowan
  6123 | D:7      | 6123 ||| INVOKING Heroism.
  6128 | D:7      | Killed Duvessa
  6129 | D:7      | Reached XP level 9. HP: 32/52 MP: 11/14
  6142 | D:7      | Killed Dowan
  6344 | D:7      | Reached skill level 13 in Ranged Weapons
  6595 | D:7      | Found an ancient bone altar of Kikubaaqudgha.
  6598 | D:7      | Found a stormy altar of Qazlal.
  6598 | D:7      | Found a hide-covered altar of Uskayaw.
  6599 | D:7      | Found a bloodstained altar of Trog.
  6600 | D:7      | Found a blossoming altar of Fedhas.
  6723 | D:7      | 6723 ||| DROPPING ring of magical power.
  6724 | D:7      | 6724 ||| DROPPING wand of flame (65).
  6988 | D:8      | Noticed Grum
  6989 | D:8      | 6989 ||| RETREEEEATING.
  6991 | D:8      | 6991 ||| RETREEEEATING.
  6999 | D:8      | Killed Grum
  7183 | D:8      | Noticed a two-headed ogre
  7184 | D:8      | 7184 ||| INVOKING Heroism.
  7190 | D:8      | Killed a two-headed ogre
  7190 | D:8      | Reached *** piety under Okawaru
  7191 | D:8      | Reached skill level 15 in Ranged Weapons
  7257 | D:8      | 7257 ||| INVOKING Heroism.
  7263 | D:8      | Reached skill level 6 in Dodging
  7690 | D:8      | 7690 ||| UPGRADING to +6 ring of dexterity.
  7692 | D:8      | 7692 ||| READING scroll of identify.
  7692 | D:8      | 7692 ||| IDENTIFYING sedimented purple potion
  7693 | D:8      | 7693 ||| READING scroll labelled EPRULU OXZUI.
  7794 | D:8      | 7794 ||| DRINKING 2 fuming golden potions.
  7795 | D:8      | 7795 ||| DROPPING potion of ambrosia.
  7807 | D:9      | 7807 ||| STAIRDANCE
  7814 | D:9      | 7814 ||| STAIRDANCE
  7927 | D:9      | 7927 ||| STAIRDANCE
  7978 | D:9      | 7978 ||| STAIRDANCE
  8100 | D:9      | Noticed a troll
  8101 | D:9      | 8101 ||| INVOKING Heroism.
  8104 | D:9      | Killed a troll
  8105 | D:9      | Reached XP level 10. HP: 58/58 MP: 12/15
  8242 | D:9      | Found a radiant altar of Vehumet.
  8264 | D:9      | 8264 ||| INVOKING Heroism.
  8641 | D:9      | Found a burning altar of Makhleb.
  8740 | D:9      | 8740 ||| READING scroll of identify.
  8740 | D:9      | 8740 ||| IDENTIFYING fuming inky potion
  8741 | D:9      | 8741 ||| READING scroll labelled OMIRASSACAS.
  8742 | D:9      | 8742 ||| DRINKING 2 puce potions.
  8768 | D:9      | 8768 ||| DROPPING potion of lignification.
  8853 | D:10     | Entered Level 10 of the Dungeon
  8863 | D:10     | Found Nevygg's Antique Armour Emporium.
  8892 | D:10     | 8892 ||| RETREEEEATING.
  8895 | D:10     | 8895 ||| RETREEEEATING.
  8897 | D:10     | 8897 ||| RETREEEEATING.
  8901 | D:10     | Reached skill level 16 in Ranged Weapons
  8979 | D:10     | Noticed qw's ghost (journeyman SpHu)
  8987 | D:10     | Found a runed translucent door.
  9056 | D:10     | Found a shadowy altar of Dithmenos.
  9109 | D:10     | Found an ornate altar of the Wu Jian Council.
  9136 | D:9      | 9136 ||| Stepping randomly (stuck).
  9137 | D:9      | 9137 ||| Stepping randomly (stuck).
  9138 | D:9      | 9138 ||| Stepping randomly (stuck).
  9139 | D:9      | 9139 ||| Stepping randomly (stuck).
  9140 | D:9      | 9140 ||| Stepping randomly (stuck).
  9141 | D:9      | 9141 ||| Stepping randomly (stuck).
  9142 | D:9      | 9142 ||| Stepping randomly (stuck).
  9143 | D:9      | 9143 ||| Stepping randomly (stuck).
  9144 | D:9      | 9144 ||| Stepping randomly (stuck).
  9145 | D:9      | 9145 ||| Stepping randomly (stuck).
  9146 | D:9      | 9146 ||| Stepping randomly (stuck).
  9147 | D:9      | 9147 ||| Stepping randomly (stuck).
  9148 | D:9      | 9148 ||| Stepping randomly (stuck).
  9149 | D:9      | 9149 ||| Stepping randomly (stuck).
  9150 | D:9      | 9150 ||| Stepping randomly (stuck).
  9151 | D:9      | 9151 ||| Stepping randomly (stuck).
  9152 | D:9      | 9152 ||| Stepping randomly (stuck).
  9153 | D:9      | 9153 ||| Stepping randomly (stuck).
  9154 | D:9      | 9154 ||| Stepping randomly (stuck).
  9155 | D:9      | 9155 ||| Stepping randomly (stuck).
  9156 | D:9      | 9156 ||| Stepping randomly (stuck).
  9157 | D:9      | 9157 ||| Stepping randomly (stuck).
  9158 | D:9      | 9158 ||| Stepping randomly (stuck).
  9159 | D:9      | 9159 ||| Stepping randomly (stuck).
  9160 | D:9      | 9160 ||| Stepping randomly (stuck).
  9161 | D:9      | 9161 ||| Stepping randomly (stuck).
  9162 | D:9      | 9162 ||| Stepping randomly (stuck).
  9163 | D:9      | 9163 ||| Stepping randomly (stuck).
  9164 | D:9      | 9164 ||| Stepping randomly (stuck).
  9165 | D:9      | 9165 ||| Stepping randomly (stuck).
  9166 | D:9      | 9166 ||| Stepping randomly (stuck).
  9167 | D:9      | 9167 ||| Stepping randomly (stuck).
  9168 | D:9      | 9168 ||| Stepping randomly (stuck).
  9169 | D:9      | 9169 ||| Stepping randomly (stuck).
  9170 | D:9      | 9170 ||| Stepping randomly (stuck).
  9171 | D:9      | 9171 ||| Stepping randomly (stuck).
  9172 | D:9      | 9172 ||| Stepping randomly (stuck).
  9173 | D:9      | 9173 ||| Stepping randomly (stuck).
  9174 | D:9      | 9174 ||| Stepping randomly (stuck).
  9175 | D:9      | 9175 ||| Stepping randomly (stuck).
  9176 | D:9      | 9176 ||| Stepping randomly (stuck).
  9177 | D:9      | 9177 ||| Stepping randomly (stuck).
  9178 | D:9      | 9178 ||| Stepping randomly (stuck).
  9179 | D:9      | 9179 ||| Stepping randomly (stuck).
  9180 | D:9      | 9180 ||| Stepping randomly (stuck).
  9181 | D:9      | 9181 ||| Stepping randomly (stuck).
  9182 | D:9      | 9182 ||| Stepping randomly (stuck).
  9183 | D:9      | 9183 ||| Stepping randomly (stuck).
  9184 | D:9      | 9184 ||| Stepping randomly (stuck).
  9185 | D:9      | 9185 ||| Stepping randomly (stuck).
  9186 | D:9      | 9186 ||| Stepping randomly (stuck).
  9187 | D:9      | 9187 ||| READING 3 scrolls of teleportation.
  9307 | D:10     | Found Vuackil's Assorted Antiques.
  9318 | D:10     | 9318 ||| BUYING runed leather armour (160 gold).
  9318 | D:10     | Bought a runed leather armour for 160 gold pieces
  9318 | D:10     | 9318 ||| BUYING scroll labelled NUMEOX YRIRIEDD (32 gold).
  9318 | D:10     | Bought a scroll labelled NUMEOX YRIRIEDD for 32 gold pieces
  9377 | D:10     | Found a white marble altar of Elyvilon.
  9394 | D:10     | Found Lacigeah's Book Shop.
  9402 | D:10     | Found Wafafal's Weapon Emporium.
  9418 | D:10     | Found Juawk's Armour Emporium.
  9427 | D:10     | 9427 ||| BUYING +1 scale mail of fire resistance (176
                  | gold).
  9427 | D:10     | Bought a +1 scale mail of fire resistance for 176 gold
                  | pieces
  9485 | D:10     | Found a staircase to the Lair.
  9645 | D:10     | Found a broken altar of Ashenzari.
  9704 | D:10     | 9704 ||| PLANNING LAIR
  9704 | D:10     | 9704 ||| DROPPING +3 leather armour.
  9705 | D:10     | 9705 ||| DROPPING ring of willpower.
  9706 | D:10     | 9706 ||| DROPPING ring of positive energy.
  9707 | D:10     | 9707 ||| READING scroll labelled WOCI WIRU INEGG.
  9708 | D:10     | 9708 ||| READING scroll labelled NUMEOX YRIRIEDD.
  9809 | D:10     | 9809 ||| READING scroll labelled KUOPLI SUIDEERPH.
  9835 | D:10     | Reached **** piety under Okawaru
  9868 | Lair:1   | Entered Level 1 of the Lair of Beasts
  9895 | Lair:1   | 9895 ||| RETREEEEATING.
  9897 | Lair:1   | 9897 ||| RETREEEEATING.
  9901 | Lair:1   | 9901 ||| RETREEEEATING.
  9902 | Lair:1   | 9902 ||| RETREEEEATING.
  9903 | Lair:1   | 9903 ||| RETREEEEATING.
  9904 | Lair:1   | 9904 ||| RETREEEEATING.
  9905 | Lair:1   | 9905 ||| RETREEEEATING.
  9906 | Lair:1   | 9906 ||| RETREEEEATING.
  9907 | Lair:1   | 9907 ||| RETREEEEATING.
  9908 | Lair:1   | 9908 ||| RETREEEEATING.
  9914 | Lair:1   | 9914 ||| RETREEEEATING.
  9915 | Lair:1   | 9915 ||| RETREEEEATING.
  9917 | Lair:1   | Reached skill level 17 in Ranged Weapons
  9989 | Lair:1   | Identified the +5 spear "Sasuto" {speed, Dex+3}
 10011 | Lair:1   | 10011 ||| RETREEEEATING.
 10012 | Lair:1   | 10012 ||| RETREEEEATING.
 10013 | Lair:1   | 10013 ||| RETREEEEATING.
 10014 | Lair:1   | 10014 ||| RETREEEEATING.
 10017 | Lair:1   | Reached ***** piety under Okawaru
 10018 | Lair:1   | Reached skill level 6 in Invocations
 10073 | Lair:1   | Reached XP level 11. HP: 62/62 MP: 17/17
 10175 | Lair:1   | 10175 ||| RETREEEEATING.
 10176 | Lair:1   | 10176 ||| RETREEEEATING.
 10185 | Lair:1   | 10185 ||| RETREEEEATING.
 10186 | Lair:1   | 10186 ||| RETREEEEATING.
 10192 | Lair:1   | 10192 ||| RETREEEEATING.
 10396 | Lair:1   | Reached skill level 18 in Ranged Weapons
 10424 | Lair:1   | 10424 ||| RETREEEEATING.
 10425 | Lair:1   | 10425 ||| RETREEEEATING.
 10428 | Lair:1   | 10428 ||| RETREEEEATING.
 10448 | Lair:1   | Received a gift from Okawaru
 10755 | Lair:1   | Noticed a boulder beetle
 10756 | Lair:1   | 10756 ||| INVOKING Finesse.
 10764 | Lair:1   | Killed a boulder beetle
 10765 | Lair:1   | Reached skill level 9 in Dodging
 10853 | Lair:1   | 10853 ||| DROPPING scarf of invisibility.
 10854 | Lair:1   | 10854 ||| DRINKING 2 cyan potions.
 10874 | Lair:2   | 10874 ||| RETREEEEATING.
 10973 | Lair:2   | You fall into a shaft and drop 1 floor!
 10976 | Lair:3   | 10976 ||| RETREEEEATING.
 10977 | Lair:3   | 10977 ||| RETREEEEATING.
 10978 | Lair:3   | 10978 ||| RETREEEEATING.
 10979 | Lair:3   | 10979 ||| RETREEEEATING.
 10980 | Lair:3   | 10980 ||| INVOKING Finesse.
 10982 | Lair:3   | Reached skill level 9 in Invocations
 11070 | Lair:3   | Reached skill level 3 in Armour
 11079 | Lair:3   | HP: 13/63 [komodo dragon (22)]
 11080 | Lair:3   | 11080 ||| READING 3 scrolls of teleportation.
 11255 | Lair:3   | Identified the +1 robe of a sewer {Str+9 Int-2 SInv}
 11304 | Lair:3   | 11304 ||| READING scroll labelled PAALYULIPI.
 11304 | Lair:3   | 11304 ||| BRANDING +0 arbalest.
 11305 | Lair:3   | 11305 ||| DRINKING 2 sedimented cyan potions.
 11306 | Lair:3   | 11306 ||| DROPPING potion of invisibility.
 11337 | Lair:2   | Found a runed translucent door.
 11337 | Lair:2   | Noticed qw's ghost (journeyman DjHu)
 11418 | Lair:2   | 11418 ||| READING scroll of brand weapon.
 11418 | Lair:2   | 11418 ||| BRANDING +0 arbalest of flaming.
 11423 | Lair:2   | Noticed a death yak
 11423 | Lair:2   | Noticed a death yak
 11425 | Lair:2   | 11425 ||| RETREEEEATING.
 11426 | Lair:2   | 11426 ||| INVOKING Finesse.
 11434 | Lair:2   | 11434 ||| RETREEEEATING.
 11436 | Lair:2   | 11436 ||| RETREEEEATING.
 11436 | Lair:2   | HP: 9/63 [death yak[a torpor snail] (15)]
 11437 | Lair:2   | 11437 ||| READING 2 scrolls of teleportation.
 11438 | Lair:2   | 11438 ||| RETREEEEATING.
 11669 | Lair:2   | 11669 ||| RETREEEEATING.
 11671 | Lair:2   | 11671 ||| RETREEEEATING.
 11672 | Lair:2   | 11672 ||| RETREEEEATING.
 11673 | Lair:2   | 11673 ||| RETREEEEATING.
 11674 | Lair:2   | 11674 ||| RETREEEEATING.
 11677 | Lair:2   | 11677 ||| RETREEEEATING.
 11678 | Lair:2   | 11678 ||| RETREEEEATING.
 11679 | Lair:2   | 11679 ||| RETREEEEATING.
 11680 | Lair:2   | 11680 ||| RETREEEEATING.
 11681 | Lair:2   | 11681 ||| RETREEEEATING.
 11682 | Lair:2   | 11682 ||| RETREEEEATING.
 11683 | Lair:2   | 11683 ||| RETREEEEATING.
 11684 | Lair:2   | 11684 ||| RETREEEEATING.
 11685 | Lair:2   | 11685 ||| RETREEEEATING.
 11686 | Lair:2   | 11686 ||| RETREEEEATING.
 11687 | Lair:2   | 11687 ||| RETREEEEATING.
 11688 | Lair:2   | 11688 ||| RETREEEEATING.
 11689 | Lair:2   | 11689 ||| RETREEEEATING.
 11690 | Lair:2   | 11690 ||| RETREEEEATING.
 11691 | Lair:2   | 11691 ||| RETREEEEATING.
 11698 | Lair:2   | HP: 11/63 [komodo dragon (11)]
 11699 | Lair:2   | 11699 ||| READING 2 scrolls of teleportation.
 11699 | Lair:2   | Mangled by a komodo dragon

Levels and vault maps discovered:
D:1:      eino_arrival_tree_alley, layout_basic
D:2:      layout_loops_corners, serial_shops, shop, st_stairs_14
D:3:      layout_rooms, uniq_natasha, uniq_ijyb
D:4:      layout_loops_corners
D:5:      layout_basic, mainiacjoe_overflow_alcove_2, slow_altar_1,
          minmay_temple_entry_metal_lava
D:6:      layout_loops_ring, nemelex_dance_club_becter, uniq_grinder
D:7:      layout_loops_ring, grunt_temple_overflow_open, serial_bayou,
          serial_bayou_shore_b, serial_bayou_ford_a, serial_bayou_pond_e,
          serial_bayou_pond_e, kennysheep_generic_room_11, uniq_pikel,
          uniq_duvessa
D:8:      layout_rooms, hangedman_abyss_or_decor_lesser_grid,
          eino_small_chamber_without_monster, dk_noncrumbling_4, uniq_grum
D:9:      layout_loops_ring, nicolae_overflow_hidden_temple,
          mainiacjoe_overflow_catwalk
D:10:     layout_roguey, elyvilon_altar_4, mainiacjoe_overflow_chevrons,
          mainiacjoe_overflow_big_doors, hellmonk_lair_entry_icy,
          hellmonk_ghost_big_iron, serial_shops, nicolae_book_shop_shelving,
          shop, shop, shop, nicolae_shop_overgrown_old_shop
Temple:   nicolae_temple_ecumenical_triangle
Lair:1:   layout_gridlike
Lair:2:   layout_roguey, hellmonk_ghost_happy_afterlife,
          chequers_serial_rivers_small_b, lemuel_fruit_fields,
          serial_bayou_shore_b, grunt_megastairs_2
Lair:3:   layout_long_grid, palyth_hydra_swamp_entry, alex1729_snake_entry_snake

Skill      XL: |  1  2  3  4  5  6  7  8  9 10 11 |
---------------+----------------------------------+-----
Ranged Weapons | 6 7 8 9 10 11 12 15 17 18 | 18.0
Armour         | 1 2 3 |  3.0
Fighting       | 2 4 5 |  5.0
Dodging        | 3 4 7 8 10 | 10.0
Invocations    | 3 4 6 10 | 10.0
Stealth        | |  1.2

Action                     |  1- 3 |  4- 6 |  7- 9 | 10-12 || total
---------------------------+-------+-------+-------+-------++-------
   Fire: Shortbow          |   101 |   178 |   134 |       ||   413
         Arbalest          |       |       |   165 |   360 ||   525
 Invoke: Heroism           |       |       |     7 |     1 ||     8
         Finesse           |       |       |       |     3 ||     3
  Evoke: Wand              |       |     3 |     1 |       ||     4
    Use: Scroll            |     6 |     8 |     2 |    11 ||    27
         Potion            |     1 |       |     1 |     3 ||     5
 Armour: Ring mail         |     7 |       |       |       ||     7
         Acid dragon scale |    14 |    39 |   156 |   118 ||   327
  Dodge: Dodged            |    10 |    37 |   195 |   258 ||   500

Table legend:
 A = Non-vault XP
 B = Vault XP
 C = Vault XP percentage of total XP
 D = Non-vault monster count
 E = Vault monster count
 F = Vault count percentage of total count
                 A         B        C        D         E       F
            +---------+---------+-------+---------+---------+-------
      Total |   16474 |    4664 |  22.1 |     211 |      31 |  12.8
            +---------+---------+-------+---------+---------+-------
        D:1 |      14 |       0 |   0.0 |      10 |       0 |   0.0
        D:2 |      23 |      17 |  42.5 |      14 |       2 |  12.5
        D:3 |      93 |      74 |  44.3 |      14 |       2 |  12.5
        D:4 |     129 |       0 |   0.0 |      15 |       0 |   0.0
        D:5 |     225 |       4 |   1.7 |      14 |       1 |   6.7
        D:6 |     769 |     386 |  33.4 |      23 |       3 |  11.5
        D:7 |     510 |     986 |  65.9 |       9 |       4 |  30.8
        D:8 |    1817 |     434 |  19.3 |      28 |       3 |   9.7
        D:9 |    1061 |       0 |   0.0 |      10 |       0 |   0.0
       D:10 |    1219 |     745 |  37.9 |      20 |       6 |  23.1
     Lair:1 |    7704 |       0 |   0.0 |      37 |       0 |   0.0
     Lair:2 |    2065 |    1355 |  39.6 |      10 |       7 |  41.2
     Lair:3 |     845 |     663 |  44.0 |       7 |       3 |  30.0
            +---------+---------+-------+---------+---------+-------
